 Dungeon Crawl Stone Soup version 0.24.0-13-gcf9b319 (webtiles) character file.

Game seed: 15025682119476164576, levelgen mode: deterministic

203 Bronimir the Ruffian (level 5, 0/46 HPs)
             Began as a Ghoul Monk on Mar 19, 2020.
             Was a Believer of Makhleb.
             Slain by Purgy (7 damage)
             ... in a sewer.
             The game lasted 00:05:57 (2583 turns).

Bronimir the Ruffian (Ghoul Monk)                   Turns: 2583, Time: 00:05:58

Health: 0/46       AC:  3    Str: 16    XL:     5   Next: 81%
Magic:  4/4        EV: 12    Int:  5    God:    Makhleb [**....]
Gold:   84         SH:  0    Dex: 11    Spells: 4/4 levels left

rFire    . . .     SeeInvis .     - Unarmed
rCold    + . .     Gourm    .   (no shield)
rNeg     + + +     Faith    .   m - +0 leather armour (curse)
rPois    ∞         Spirit   .   (no helmet)
rElec    .         Reflect  .   (no cloak)
rCorr    .         Harm     .   (no gloves)
MR       .....                  (no boots)
Stlth    ++........             (no amulet)
HPRegen  0.00/turn              (no ring)
MPRegen  0.09/turn              (no ring)

@: rotting
A: rotting body, claws 1, carnivore, cold resistance 1, negative energy
resistance 3, inhibited regeneration, torment resistance, unbreathing
a: Minor Destruction, Renounce Religion


You were in a sewer.
You worshipped Makhleb.
Makhleb was pleased with you.
You were not hungry.

You visited 1 branch of the dungeon, and saw 3 of its levels.
You also visited: Sewer.

You collected 84 gold pieces.

Inventory:

Hand Weapons
 b - a +0 shortbow
 c - a +0 hunting sling
Missiles
 f - 52 stones (quivered)
 g - 57 arrows
 p - 10 bolts
 q - 15 sling bullets
Armour
 a - a +0 robe
 m - a cursed +0 leather armour (worn)
Jewellery
 i - a +3 ring of protection {unknown}
Scrolls
 e - a scroll of amnesia {unknown}
 h - 4 scrolls of teleportation {unknown}
 j - 2 scrolls of identify {unknown}
 l - 3 scrolls of remove curse {unknown}
 n - 2 scrolls of immolation {unknown}
 s - a scroll of random uselessness {unknown}
 t - a scroll of fear {unknown}
Potions
 d - 2 potions of mutation {unknown}
 r - 2 potions of brilliance {unknown}
 u - a potion of heal wounds {unknown}
Comestibles
 k - 4 rations


   Skills:
 + Level 3.8 Fighting
 * Level 2.1 Armour
 + Level 3.2 Dodging
 - Level 2.1 Stealth
 * Level 5.5 Unarmed Combat


You had 4 spell levels left.
You didn't know any spells.
Your spell library was empty.

Dungeon Overview and Level Annotations

Branches:
Dungeon (3/15)              Sewer (1/1)

Altars:
Elyvilon
Kikubaaqudgha
Makhleb

Annotations:
Sewer Purgy


Innate Abilities, Weirdness & Mutations

Your body is rotting away.
You thrive on raw meat.
You are immune to poison.
You have sharp fingernails.
You are carnivorous and can eat meat at any time.
Your flesh is cold resistant. (rC+)
You are immune to negative energy. (rN+++)
You do not regenerate when monsters are visible.
You are immune to unholy pain and torment.
You can survive without breathing.


Message History

Eat a chunk of flesh? (ye/n/q)
You eat the chunk of flesh.
This raw flesh tastes great!
Purgy bites you! Purgy claws you. x2
Okay, then.
You closely miss Purgy.
Purgy is almost dead.
Purgy misses you. Purgy claws you.
* * * LOW HITPOINT WARNING * * *
Purgy claws you.
* * * LOW HITPOINT WARNING * * *
Press: ? - help, Shift-Dir - straight line, f/p - Purgy
Aim: Purgy (almost dead, covered in acid)
The puff of flame misses Purgy.
Purgy barely misses you. Purgy claws you.
* * * LOW HITPOINT WARNING * * *
Purgy claws you.
* * * LOW HITPOINT WARNING * * *
Press: ? - help, Shift-Dir - straight line, f/p - Purgy
Aim: Purgy (almost dead, covered in acid) Purgy resists with some effort.
Purgy bites you!
You die...

###### ## ##....≈.##
#%$ ###..≈≈ ≈....###
?≈##...≈. #≈....###
###≈.≈..# #...≈.#
#.≈....## ##.≈...
#§T@..### ###.≈...#
#[.##≈..≈.####.≈≈..###
# ###.....≈....###
###......### ########


You could see Purgy.

Vanquished Creatures
  A centaur (D:2)
  A crimson imp (D:3)
  2 oozes
  2 worms (D:3)
  2 dart slugs
  2 leopard geckos
  2 orcs (D:3)
  8 bats
  2 bat zombies (D:3)
  3 giant cockroaches
  6 goblins
  6 hobgoblins
  6 jackals
  8 kobolds
  A quokka (D:3)
  A ball python (D:3)
  8 rats
  2 rat zombies (D:3)
63 creatures vanquished.

Notes
Turn   | Place    | Note
-------+----------+-------------------------------------------
     0 | D:1      | Bronimir the Ghoul Monk began the quest for the Orb.
     0 | D:1      | Reached XP level 1. HP: 19/19 MP: 0/0
   448 | D:1      | Reached XP level 2. HP: 24/24 MP: 1/1
  1131 | D:1      | Reached XP level 3. HP: 25/30 MP: 2/2
  1379 | D:2      | Noticed a centaur
  1390 | D:2      | HP: 1/30 [centaur (2)]
  1393 | D:2      | Killed a centaur
  1393 | D:2      | Reached skill level 1 in Armour
  1393 | D:2      | Reached skill level 4 in Unarmed Combat
  1393 | D:2      | Reached XP level 4. HP: 2/39 MP: 3/3
  1736 | D:2      | You fall into a shaft and drop 1 floor!
  1763 | D:3      | Reached XP level 5. HP: 30/43 MP: 4/4
  1827 | D:3      | Reached skill level 5 in Unarmed Combat
  2081 | D:3      | Found a white marble altar of Elyvilon.
  2132 | D:3      | Found a burning altar of Makhleb.
  2146 | D:3      | Became a worshipper of Makhleb the Destroyer
  2146 | D:3      | Reached * piety under Makhleb
  2146 | D:3      | Reached ** piety under Makhleb
  2263 | D:3      | Found an ancient bone altar of Kikubaaqudgha.
  2439 | D:3      | Found a glowing drain.
  2488 | Sewer    | Entered a sewer
  2559 | Sewer    | Noticed Purgy
  2583 | Sewer    | Slain by Purgy

Levels and vault maps discovered:
D:1:      shiori_arrival_elements, layout_basic, serial_bayou_pond_d,
          minivault_5
D:2:      layout_basic, first_ration
D:3:      layout_rooms, lemuel_crystal_altar, lemuel_zombie_altar_kikubaaqudgha,
          portal_sewer_entry_e, elyvilon_altar_3
Sewer:    sewer_the_crocodile

Skill      XL: |  1  2  3  4  5 |
---------------+----------------+-----
Armour         | 1 2 |  2.1
Dodging        | 3 |  3.2
Unarmed Combat | 4 5 |  5.5
Fighting       | |  3.8
Stealth        | |  2.1

Action                   |  1- 3 |  4- 6 || total
-------------------------+-------+-------++-------
Melee: Unarmed           |    61 |   185 ||   246
       Punch             |       |     4 ||     4
Invok: Minor Destruction |       |     3 ||     3
 Stab: Sleeping          |     3 |     1 ||     4
  Eat: Chunk             |     4 |    12 ||    16
Armor: Robe              |     5 |       ||     5
       Leather armour    |     6 |    72 ||    78
Dodge: Dodged            |    51 |   185 ||   236
